Cogmind - Beta 16 @@@ ROGUE MODE // 2026.01.13 @ 22:28:13 Player: Rocket Result: Self-destructed Performance ------------- Evolutions (1) 500 Regions Visited (2) 400 Robots Destroyed (11) 55 Value Destroyed (153) 153 Prototype IDs (0) 0 Alien Tech Used (0) 0 Bonus (0) 0 TOTAL SCORE: 1108 Bonus ------- None Cogmind --------- Core Integrity 93/400 Matter 157/300 Energy 96/100 System Corruption 1% Temperature Cool (4) Movement Flying (115) Ox1 Location -9/Materials Parts ------- > --- POWER (1) -------- (None) > --- PROPULSION (3) --- VTOL Module > --- UTILITY (2) ------ Small Storage Unit > --- WEAPON (3) ------- (None) > --- INVENTORY (8) ---- Ion Engine Peak State ------------ > --- POWER ------------ Ion Engine > --- PROPULSION ------- Aluminum Leg Aluminum Leg > --- UTILITY ---------- Sensor Array > --- WEAPON ----------- Assault Rifle Light Assault Rifle > --- INVENTORY -------- Ion Engine Medium Laser [Rating: 6] Favorites ----------- Power Ion Engine Engine Ion Engine Propulsion Aluminum Leg Leg Aluminum Leg Flight Unit Flight Unit Utility Sensor Array Device Sensor Array Storage Small Storage Unit Weapon Assault Rifle Energy Gun Medium Laser Ballistic Gun Assault Rifle Build | -11 -10 -9 ------- Run | Yrd Mat Mat Slots Evolved 2 | . . 2 Power . | . . . Propulsion 1 | . . 1 Utility . | . . . Weapon 1 | . . 1 Parts Attached 14 | 5 4 5 Power 1 | 1 . . Engine 1 | 1 . . Core . | . . . Reactor . | . . . Propulsion 6 | 2 3 1 Treads . | . . . Leg 2 | 2 . . Wheel . | . . . Hover . | . . . Flight 4 | . 3 1 Utility 2 | . 1 1 Device 1 | . 1 . Storage 1 | . . 1 Processor . | . . . Hackware . | . . . Protection . | . . . Artifact . | . . . Weapon 5 | 2 . 3 Energy Gun 1 | . . 1 Energy Cannon . | . . . Ballistic Gun 4 | 2 . 2 Ballistic Cannon . | . . . Launcher . | . . . Special Weapon . | . . . Impact Weapon . | . . . Slashing Weapon . | . . . Piercing Weapon . | . . . Special Melee Weapon . | . . . Unidentified Prototypes . | . . . Parts Lost 10 | . 4 6 Power 1 | . 1 . Propulsion 4 | . 2 2 Utility . | . . . Weapon 5 | . 1 4 Highest Loss Streak 6 | . 3 6 To Critical Strikes . | . . . Average Backups 2 | 1 2 2 Power . | . 1 1 Propulsion . | . . . Utility . | . . . Weapon 1 | . 1 1 Tool/Special . | . . . Unused Backups 2 | . 1 1 Power 1 | . . 1 Propulsion . | . . . Utility 1 | . 1 . Weapon . | . . . Tool/Special . | . . . Average Slot Usage (%) 69 | . 76 45 Engine 9 | . 12 . Leg 16 | . 21 . Flight 9 | . 5 25 Device 7 | . 9 . Storage 1 | . . 6 Ballistic Gun 23 | . 26 11 Peak Build Rating 6 | 5 6 6 Average Rating 5 | 4 5 4 On Entrance 2 | . 5 3 Avg Prop Armor Cover (%) . | . . . Naked Turns . | . . . Heaviest Build 9 | 8 9 7 Greatest Support 20 | 20 20 12 Greatest Overweight (x) 2 | . 2 . Average Overweight (x) . | . . . Largest Inventory Capacity 8 | 5 5 8 Average Capacity 5 | 5 5 6 Most Carried 5 | 2 5 3 Average Carried 2 | 1 2 2 Final Capacity 8 | 5 5 8 Final Carried 3 | 2 3 1 Class Distribution -------------------- 100% | Mutant Dominant Class ---------------- Mutant | -10/Materials Mutant | -9/Materials Resources | -11 -10 -9 ----------- Run | Yrd Mat Mat Matter Collected 333 | 217 97 19 Remotely . | . . . Salvage Created 219 | . 160 59 Parts 18 | . 13 5 Haulers Intercepted . | . . . Recyclers Shooed 1 | . 1 . Parts Field Recycled . | . . . Retrieved Matter . | . . . Parts Self-Destructed . | . . . Prevented . | . . . Parts Restored . | . . . Kills | -11 -10 -9 ------- Run | Yrd Mat Mat Combat Hostiles Destroyed 10 | . 6 4 Guns 10 | . 6 4 Classes Destroyed 3 | . 3 . Builder 1 | . 1 . Swarmer 8 | . 4 4 Grunt 2 | . 2 . Best Kill Streak 5 | . 5 4 Combat Bots Only 4 | . 4 4 Max Kills in Single Turn 1 | . 1 1 Gunslinging . | . . . Exploded . | . . . Melee . | . . . Uniques/NPCs Destroyed . | . . . Combat | -11 -10 -9 -------- Run | Yrd Mat Mat Hostile Shots Fired 145 | . 67 78 Missed 40 | . 15 25 Hits 105 | . 52 53 Melee 5 | . . 5 Projectile 100 | . 52 48 Damage Taken 1204 | . 542 662 Core 438 | . 131 307 Absorbed by Shields . | . . . Core Remaining (%) 73 | 100 47 . Volleys Fired 55 | . 39 16 Largest 2 | . 2 2 Hottest 70 | . 40 70 Shots Fired 99 | . 76 23 Gun 99 | . 76 23 Cannon . | . . . Launcher . | . . . Special . | . . . Kinetic 92 | . 76 16 Thermal 7 | . . 7 Explosive . | . . . Electromagnetic . | . . . Robot Hit Streak 10 | . 9 10 Robot Miss Streak 5 | . 5 1 Penetration Max . | . . . Secondary Targets 4 | . 3 1 Max Gunslinging Chain 1 | . 1 1 Shots Hit Robots 59 | . 42 17 Core Hits 23 | . 14 9 Critical Kills . | . . . Critical Parts Destroyed . | . . . Critical Strikes 2 | . . 2 Burn 2 | . . 2 Melee Attacks . | . . . Impact . | . . . Slashing . | . . . Piercing . | . . . Sneak Attacks . | . . . Combat Hostiles . | . . . Follow-up Attacks . | . . . Damage Inflicted 637 | . 445 192 Guns 637 | . 445 192 Cannons . | . . . Explosions . | . . . Melee . | . . . Ramming . | . . . Kinetic 551 | . 445 106 Thermal 86 | . . 86 Explosive . | . . . Electromagnetic . | . . . Impact . | . . . Slashing . | . . . Piercing . | . . . Highest Corruption 1 | . . 1 Average Corruption 1 | . . 1 Corruption Purged . | . . . Corruption Blocked . | . . . Overload Shots . | . . . Overflow Damage . | . . . Projectiles . | . . . Explosions . | . . . Melee . | . . . Knockbacks . | . . . Impact . | . . . Kinetic . | . . . Secondary . | . . . Self-Inflicted Damage . | . . . Shots . | . . . Rammed . | . . . Targets Rammed . | . . . Kicked . | . . . Crushed . | . . . Highest Temperature 98 | . 24 98 Average Temperature 27 | . 10 46 Received Heat Transfer 423 | . 210 213 Siege Activations . | . . . Martial Activations . | . . . Shielding Activations . | . . . Robots Disrupted . | . . . Combat Hostiles . | . . . Robots Corrupted . | . . . Combat Hostiles . | . . . Parts Fried . | . . . Impact Corruptions . | . . . Robots Melted . | . . . Combat Hostiles . | . . . Parts Melted 1 | . . 1 Heat Transferred 407 | . . 407 Parts Sabotaged . | . . . Parts Stolen . | . . . Parts Stripped . | . . . Power Chain Reactions . | . . . Alert | -11 -10 -9 ------- Run | Yrd Mat Mat Maximum Alert Level . | . . . Low Security (%) 100 | 100 100 100 Level 1 . | . . . Level 2 . | . . . Level 3 . | . . . Level 4 . | . . . Level 5 . | . . . High Security . | . . . Max Security . | . . . Peak Influence 85 | . 85 70 Initial 10 | . . 10 Average 19 | . 23 21 Influence Increases 235 | . 145 90 Destroy 0b10 Robot/C 200 | . 120 80 Destroy 0b10 Robot/NC 5 | . 5 . Destroy Leader 30 | . 20 10 Influence Decreases 225 | . 120 105 Entered New Map 15 | . . 15 Time Decay 110 | . 80 30 Lost Part 100 | . 40 60 Squads Dispatched 3 | . 2 1 Investigation 2 | . 1 1 Extermination . | . . . Reinforcement 1 | . 1 . Assault . | . . . Garrison . | . . . Intercept . | . . . Searches Triggered . | . . . Construction Impeded . | . . . Haulers Reinforced . | . . . Active Scanning Responses . | . . . Cargo Convoy Interrupts . | . . . Stealth | -11 -10 -9 --------- Run | Yrd Mat Mat Distress Signals 4 | . 2 2 Communications Jammed . | . . . Distress Signals . | . . . Times Spotted 26 | . 13 13 Peak Tracking Total 11 | . 5 11 Tactical Retreats . | . . . Traps | -11 -10 -9 ------- Run | Yrd Mat Mat Traps Triggered 1 | . 1 . Indirectly . | . . . Trap Hack Attempts . | . . . Triggered . | . . . Disarmed . | . . . Reprogrammed . | . . . Reused . | . . . Traps Extracted . | . . . Installed . | . . . Triggered . | . . . Machines | -11 -10 -9 ---------- Run | Yrd Mat Mat Machines Disabled . | . . . Max in Single Turn . | . . . Machines Repaired . | . . . Machines Dismantled . | . . . Machines Sabotaged . | . . . Overloaded Fab Kills . | . . . Hacking | -11 -10 -9 --------- Run | Yrd Mat Mat Machines Accessed 1 | . . 1 Terminals . | . . . Fabricators . | . . . Repair Stations . | . . . Recycling Units . | . . . Scanalyzers 1 | . . 1 Garrison Access . | . . . Total Hacks 4 | . . 4 Successful 1 | . . 1 Failed 3 | . . 3 Catastrophic 1 | . . 1 Database Lockouts . | . . . Manual . | . . . Terminals . | . . . Fabricators . | . . . Repair Stations . | . . . Recycling Units . | . . . Scanalyzers 4 | . . 4 Garrison Access . | . . . Terminal Hacks . | . . . Fabricator Hacks . | . . . Repair Station Hacks . | . . . Recycling Unit Hacks . | . . . Scanalyzer 1 | . . 1 Retrieve Study 1 | . . 1 Garrison Access Hacks . | . . . Unauthorized Hacks . | . . . Terminals . | . . . Fabricators . | . . . Repair Stations . | . . . Recycling Units . | . . . Scanalyzers . | . . . Garrison Access . | . . . Data Cores Recovered . | . . . Used . | . . . Hacking Detections 1 | . . 1 Full Trace Events 1 | . . 1 Feedback Events 1 | . . 1 Corruption 1 | . . 1 Feedback Blocked . | . . . Robot Schematics Acquired . | . . . Robots Built . | . . . Authchips . | . . . Time . | . . . Total Robot Build Rating . | . . . Part Schematics Acquired . | . . . Parts Built . | . . . Authchips . | . . . Time . | . . . Total Part Build Rating . | . . . Part Studies Acquired 1 | . . 1 Parts Repaired . | . . . Time . | . . . Parts Recycled . | . . . Recycled Matter . | . . . Retrieved Matter . | . . . Retrieved Components . | . . . Parts Scanalyzed . | . . . Part Schematics Acquired . | . . . Parts Damaged . | . . . Bothacking | -11 -10 -9 ------------ Run | Yrd Mat Mat Used RIF Installer . | . . . Robots Hacked . | . . . Non-combat . | . . . Combat . | . . . Robot Hacks Applied . | . . . Relay Couplers Released . | . . . Fabnet Peak Effective % . | . . . Robots Rewired . | . . . Allies Hacked . | . . . Hacks Repelled . | . . . Allies | -11 -10 -9 -------- Run | Yrd Mat Mat Total Allies . | . . . Largest Group . | . . . Highest-Rated Group . | . . . Highest-Rated Ally . | . . . Total Orders . | . . . Ally Attacks . | . . . Total Damage . | . . . Kills . | . . . Allies Corrupted . | . . . Allies Melted . | . . . Intel | -11 -10 -9 ------- Run | Yrd Mat Mat Active Infowar (turns) 201 | . 201 . Sensors 201 | . 201 . Robot Analysis Total . | . . . Derelict Logs Recovered . | . . . Drone Launches . | . . . Drone Recoveries . | . . . Exploration | -11 -10 -9 ------------- Run | Yrd Mat Mat Turns Passed 446 | 71 292 83 Spaces Moved 366 | 53 196 117 Core 2 | 2 . . Treads . | . . . Legs 168 | 51 117 . Wheels . | . . . Hover . | . . . Flight 196 | . 79 117 Fastest Speed 32 | 50 37 32 Average Speed 74 | 117 87 33 Slowest Speed 200 | 120 200 37 Overloaded Moves . | . . . Propulsion Burnouts . | . . . Robots Hopped . | . . . Potential Cave-ins . | . . . Cave-ins Triggered . | . . . Exploration Rate (%) 16 | 3 31 16 Regions Visited 2 Branch Regions . Pre-discovered Areas . | . . . Known Exits Taken . | . . . Unknown Exits Taken 2 | 1 1 . Scrap Searched . | . . . Spaces Dug . | . . . Terrain Destroyed . | . . . Melee . | . . . Projectile . | . . . AOE . | . . . Terrain Rammed . | . . . Walls Destroyed . | . . . Machines Disabled . | . . . Actions | -11 -10 -9 --------- Run | Yrd Mat Mat Total 444 | 59 247 138 Wait 3 | . 3 . Move 364 | 52 195 117 Hop . | . . . Pick Up 4 | 2 2 . Fast Attach 11 | 5 3 3 Attach 3 | . 1 2 Detach . | . . . Swap 1 | . 1 . Drop 3 | . 3 . Fire 55 | . 39 16 Melee . | . . . Ram . | . . . Kick . | . . . Crush . | . . . Escape Stasis . | . . . Rewire . | . . . Trap . | . . . Miscellaneous . | . . . Route ------- -11/Scrapyard -10/Materials (discovered 2 exits: *Mat / [*Sub]) -9/Materials History --------- Turn | Location | Event 7 | -11/Scrapyard | Discovered new exit (range 15) 72 | -11/Scrapyard | Entered Materials 179 | -10/Materials | Discovered new exit (range 12) 301 | -10/Materials | Build established: Mutant 344 | -10/Materials | Discovered new exit (range 16) 358 | -10/Materials | Core integrity fell below 50% 364 | -10/Materials | Entered another Materials area 364 | -9/Materials | Evolved 2 slots: Propulsion x1, Weapon x1 365 | -9/Materials | Lost 3 parts (1p1n1w) 444 | -9/Materials | Core integrity fell below 50% 447 | -9/Materials | Self-destructed Last Messages --------------- 00415_ R-06 Scavenger collects Lgt. Ion Engine. 00415_ S-10 Pest destroyed. 00418_ Switching to secondary target: G-34 Mercenary. 00420_ Flight Unit melted. 00420_ S-10 Pest destroyed. 00422_ W-16 Scout sends out distress signal. 00423_ L-31 Rogue suffers critical hit (Burn). 00429_ Destroyed Melee Analysis Suite. 00430_ K-01 Serf collects debris. 00432_ A-02 Transporter suffers critical hit (Burn). 00432_ R-06 Scavenger collects Wheel. 00432_ Med. Laser destroyed. 00433_ K-01 Serf collects debris. 00434_ Lgt. Assault Rifle destroyed. 00435_ Acquired Lgt. Assault Rifle. 00437_ K-01 Serf collects debris. 00443_ Flight Unit destroyed. 00446_ Lgt. Assault Rifle destroyed. Map ----- +----------------------------------------------------+ | ?????????????????????????????????????????????????? | | ?????????????????????????????????????????????????? | | ?????????????????????????????????????????????????? | | ?????????????????????????????????????????????????? | | ?????????????????????????????????????????????????? | | ?????????????????????????????????????????????????? | | ?????????????????????????????????????????????????? | | ?????????????? ????????????????????????????????? | | ???????????? #???????????????????????????????? | | ???????????? ########????????????????????????? | | ????????????? ## #????????????????????????? | | ????????????" ## #????????????????????????? | | ????????????? # #????????????????????????? | | ????????????? # #????????????????????????? | | ????????????? # """ #???#????????????????????? | | ?????????????? ?# """ #?? #????????????????????? | | ?????????????? ?# """ #?? #????????????????????? | | ??????????????# #?# #?? #????????????????????? | | ??????????????# #?# """ #?? #????????????????????? | | ????????#######/### """ #?? #????????????????????? | | ????????# !!! # """ #?? #????????????????????? | | ????????# !!! # #?? ########?????????????? | | ????????# !! ####+#### Y ???????????? | | ????????# + g =%%= w#??????????????????? | | ????????# """""* ## g|l%= #?????????????? ?? | | ????????# """"" ## g%*@%T ##########????# #? | | ????????# """"" % ## g ## #???? #? | | ???????# ## Y""" ## """ #??? #? | | ???????#######/##### """ ## """ #???? #? | | ??????????? """ ## """ #???? #? | | ??????????? ## #???? #? | | ???????????#/####### ## "" #???? #? | | ??????????? ?????######## ## """#????# #? | | ??????????# ?????# # ## S"#????# #? | | ??????????# ??????# """ #a ## """#????# #? | | ??????????# ??????# """ + ## [ """#????# #? | | ??????????#???????# """ # ## #????# #? | | ??????????????????# # #####+####????# #? | | ??????????????????# # ### ####### #? | | ??????????????????######## #? | | ?????????????????????????# " ## | | ?????????????????????????# # | | ??????????????????????#####+#+### ####### + | | ??????????????????????# #######?????# # | | ??????????????????????# [ #???????????# # | | ??????????????????????# #???????????# # | | ??????????????????????# #???????????##### | | ??????????????????????# " "" #???????????????#! | | ??????????????????????# "R"" ]#???????????????# | | ??????????????????????# """ #???????????????# | +----------------------------------------------------+ Best States ------------- Heat Dissipation 28 Energy Generation 10 Energy Capacity 250 Matter Stores 271 Matter Capacity 300 Sight Range 16 Robot Scan Range 14 Terrain Scan Density 10 Evasion (%) 63 Item Schematics ----------------- None Robot Schematics ------------------ None Fabricated ------------ Nothing Repaired ---------- Nothing Studied --------- Assault Rifle | -9/Materials | Hacked Alien Tech Used ----------------- None Achievements -------------- None Challenges ------------ None Game ------ Seed XenonPartitionNukerbomber Manual? 0 Play Time 00:04:37 Cumulative 71.4 hours Start 2026.01.13 @ 22:24:47 End 2026.01.13 @ 22:28:13 Sessions 1 Manual Loads 0 Difficulty Rogue Special Mode None Game No. 104 Rogue 104 Adventurer 0 Explorer 0 Win Type - Total 0 Types 0/0/0/0/0/0/0/0/0/0 Lore% 16 Gallery% 32 Achievement% 23 Wizard Run 0 Options --------- Layout 1 ASCII 0 Keyboard 0 Movement Mouse Keybinds 0 Fullscreen 2 Font 24/Smallcaps Map View 25x17 Zoom Use 100% Tactical HUD 1 Map Filters NONE Filters NONE Steam 1 RUN: 84096afe-4c0b-4122-a812-0e612e3be21b